PAA
CHESAPEAKE CONTINENTALS @ MERCER ISLAND SCREAMING EAGLES
08/29/2034
 
TOP OF THE 1ST
Chesapeake Continentals batting - Pitching for Mercer Island Screaming Eagles : RHP Firpo Marberry
Pitching: RHP Firpo Marberry
Batting: RHB Tony Calhoun 0-0: Foul Ball, location: 2F
0-1: Called Strike
0-2: Ball
1-2: Ball
2-2: Foul Ball, location: 2F
2-2: Strikes out swinging
Batting: SHB Bernie Nutall 0-0: Ball
1-0: Foul Ball, location: 2F
1-1: Ball
2-1: Foul Ball, location: 2F
2-2: SINGLE (Groundball, 6MD)
Batting: RHB Santiago Valentín 0-0: Called Strike
0-1: Ball
1-1: Ball
2-1: Called Strike
2-2: Strikes out swinging
Bernie Nutall is caught stealing 2nd base
Batter strikes out.
Top of the 1st over - 0 runs, 1 hit, 0 errors, 0 left on base; Chesapeake 0 - Mercer Island 0
BOTTOM OF THE 1ST
Mercer Island Screaming Eagles batting - Pitching for Chesapeake Continentals : RHP Alfred Osuch
Pitching: RHP Alfred Osuch
Batting: RHB Bart Goodine 0-0: Called Strike
0-1: Ball
1-1: Ground out 5-3 (Groundball, 56)
Batting: RHB Barrett Drury 0-0: Called Strike
0-1: Called Strike
0-2: Ground out 5-3 (Groundball, 56)
Batting: RHB Alfredo García 0-0: Called Strike
0-1: Foul Ball, location: 2F
0-2: Ball
1-2: Ball
2-2: Fly out, F7 (Flyball, 7LSF)
Bottom of the 1st over - 0 runs, 0 hits, 0 errors, 0 left on base; Chesapeake 0 - Mercer Island 0
TOP OF THE 2ND
Chesapeake Continentals batting - Pitching for Mercer Island Screaming Eagles : RHP Firpo Marberry
Batting: LHB Raphaël Duval 0-0: Ball
1-0: SINGLE (Line Drive, 4M)
Batting: RHB Manuel Ángel 0-0: Called Strike
0-1: Ball
1-1: Foul Ball, location: 2F
1-2: Strikes out looking
Batting: RHB Nick Bechtel 0-0: SINGLE (Groundball, 6MD)
Raphaël Duval to second
Batting: SHB Tomás Valdéz 0-0: Ball
1-0: Ball
2-0: Ball
3-0: Base on Balls
Raphaël Duval to third
Nick Bechtel to second
Batting: RHB Shou-chien Luo 0-0: SINGLE (Flyball, 89M)
Raphaël Duval scores
Nick Bechtel to third
Tomás Valdéz to second
Batting: RHB Mark Sawyer 0-0: Foul Ball, location: 2F
0-1: Called Strike
0-2: Strikes out swinging
Batting: RHB Tony Calhoun 0-0: Swinging Strike
0-1: Swinging Strike
0-2: Ball
1-2: Ball
Wild Pitch!
Nick Bechtel scores
Tomás Valdéz to third
Shou-chien Luo to second
2-2: SINGLE (Line Drive, 8RS)
Tomás Valdéz scores
Shou-chien Luo to third
Batting: SHB Bernie Nutall 0-0: Ball
1-0: Ball
2-0: Fly out, F9 (Flyball, 9LM)
Top of the 2nd over - 3 runs, 4 hits, 0 errors, 2 left on base; Chesapeake 3 - Mercer Island 0
BOTTOM OF THE 2ND
Mercer Island Screaming Eagles batting - Pitching for Chesapeake Continentals : RHP Alfred Osuch
Batting: SHB Serious Lee 0-0: Called Strike
0-1: Ball
1-1: Ball
2-1: Fly out, F7 (Flyball, 7)
Batting: RHB Juan Reyes 0-0: Ground out 6-3 (Groundball, 6)
Batting: SHB Jason Graham 0-0: Swinging Strike
0-1: Called Strike
0-2: Foul Ball, location: 2F
0-2: Foul Ball, location: 2F
0-2: Ground out 4-3 (Groundball, 4)
Bottom of the 2nd over - 0 runs, 0 hits, 0 errors, 0 left on base; Chesapeake 3 - Mercer Island 0
TOP OF THE 3RD
Chesapeake Continentals batting - Pitching for Mercer Island Screaming Eagles : RHP Firpo Marberry
Batting: RHB Santiago Valentín 0-0: Called Strike
0-1: Fly out, F8 (Flyball, 8RD)
Batting: LHB Raphaël Duval 0-0: Called Strike
0-1: Ball
1-1: Fly out, F7 (Flyball, 78M)
Batting: RHB Manuel Ángel 0-0: SINGLE (Groundball, 6D)
Batting: RHB Nick Bechtel 0-0: Called Strike
0-1: 2-RUN HOME RUN (Flyball, 7D), Distance : 389 ft
Batting: SHB Tomás Valdéz 0-0: Ball
1-0: Ball
2-0: SINGLE (Line Drive, 8RS)
Batting: RHB Shou-chien Luo 0-0: Ball
1-0: Swinging Strike
1-1: Called Strike
1-2: Strikes out looking
Top of the 3rd over - 2 runs, 3 hits, 0 errors, 1 left on base; Chesapeake 5 - Mercer Island 0
BOTTOM OF THE 3RD
Mercer Island Screaming Eagles batting - Pitching for Chesapeake Continentals : RHP Alfred Osuch
Batting: RHB Oliver Burrell 0-0: Ball
1-0: Ground out 5-3 (Groundball, 56)
Batting: SHB Jeffery Simpson 0-0: Ball
1-0: Ball
2-0: Ball
3-0: Base on Balls
Batting: RHB Rubén Vásquez 0-0: Called Strike
0-1: Grounds into double play, 6-4-3 (Groundball, 6)
Bottom of the 3rd over - 0 runs, 0 hits, 0 errors, 0 left on base; Chesapeake 5 - Mercer Island 0
TOP OF THE 4TH
Chesapeake Continentals batting - Pitching for Mercer Island Screaming Eagles : RHP Firpo Marberry
Batting: RHB Mark Sawyer 0-0: Called Strike
0-1: Fly out, F7 (Flyball, 7LD)
Batting: RHB Tony Calhoun 0-0: Fly out, F7 (Flyball, 7LMF)
Batting: SHB Bernie Nutall 0-0: Ball
1-0: Foul Ball, location: 2F
1-1: Called Strike
1-2: Ball
2-2: Foul Ball, location: 2F
2-2: Strikes out swinging
Top of the 4th over - 0 runs, 0 hits, 0 errors, 0 left on base; Chesapeake 5 - Mercer Island 0
BOTTOM OF THE 4TH
Mercer Island Screaming Eagles batting - Pitching for Chesapeake Continentals : RHP Alfred Osuch
Batting: RHB Bart Goodine 0-0: Ball
1-0: Called Strike
1-1: Ball
2-1: Ball
3-1: Foul Ball, location: 2F
3-2: Fly out, F8 (Line Drive, 8LS)
Batting: RHB Barrett Drury 0-0: Called Strike
0-1: Ball
1-1: Ball
2-1: Ball
3-1: Base on Balls
Batting: RHB Alfredo García 0-0: Ball
1-0: SINGLE (Line Drive, 56)
Barrett Drury to second
Batting: SHB Serious Lee 0-0: Called Strike
0-1: Fly out, F8 (Flyball, 8RD)
Runner from 2nd tags up, SAFE at 3rd with throw
Batting: RHB Juan Reyes 0-0: Fly out, F6 (Popup, 6)
Bottom of the 4th over - 0 runs, 1 hit, 0 errors, 2 left on base; Chesapeake 5 - Mercer Island 0
TOP OF THE 5TH
Chesapeake Continentals batting - Pitching for Mercer Island Screaming Eagles : RHP Firpo Marberry
Batting: RHB Santiago Valentín 0-0: Ball
1-0: Ball
2-0: Swinging Strike
2-1: Called Strike
2-2: Foul Ball, location: 2F
2-2: Foul Ball, location: 2F
2-2: Foul Ball, location: 2F
2-2: TRIPLE (Line Drive, 9D)
Batting: LHB Raphaël Duval 0-0: Ball
1-0: Called Strike
1-1: Foul Ball, location: 2F
1-2: Ground out 3-1 (Groundball, 34)
Batting: RHB Manuel Ángel 0-0: Ball
1-0: Fly out, F9 (Flyball, 9LS)
Runner from 3rd tags up, SCORES, throw made
Batting: RHB Nick Bechtel 0-0: DOUBLE (Line Drive, 78XD)
Batting: SHB Tomás Valdéz 0-0: Called Strike
0-1: SINGLE (Groundball, 34S) (infield hit)
Nick Bechtel to third
Pitching: RHP Héctor Tista
Batting: RHB Shou-chien Luo 0-0: Foul Ball, location: 2F
0-1: Foul Ball, location: 2F
0-2: Ball
1-2: Ball
2-2: Strikes out swinging
Top of the 5th over - 1 run, 3 hits, 0 errors, 2 left on base; Chesapeake 6 - Mercer Island 0
BOTTOM OF THE 5TH
Mercer Island Screaming Eagles batting - Pitching for Chesapeake Continentals : RHP Alfred Osuch
Batting: SHB Jason Graham 0-0: Called Strike
0-1: Swinging Strike
0-2: Strikes out swinging
Batting: RHB Oliver Burrell 0-0: Ball
1-0: Foul Ball, location: 2F
1-1: SOLO HOME RUN (Flyball, 7LD), Distance : 363 ft
Batting: SHB Jeffery Simpson 0-0: Ball
1-0: Ball
2-0: Called Strike
2-1: Ground out 5-3 (Groundball, 5)
Batting: RHB Rubén Vásquez 0-0: Called Strike
0-1: Swinging Strike
0-2: Foul Ball, location: 2F
0-2: Ball
1-2: Ground out 6-3 (Groundball, 6)
Bottom of the 5th over - 1 run, 1 hit, 0 errors, 0 left on base; Chesapeake 6 - Mercer Island 1
TOP OF THE 6TH
Chesapeake Continentals batting - Pitching for Mercer Island Screaming Eagles : RHP Héctor Tista
Batting: RHB Mark Sawyer 0-0: Foul Ball, location: 2F
0-1: Foul Ball, location: 2F
0-2: Foul Ball, location: 2F
0-2: Ball
1-2: Foul Ball, location: 2F
1-2: Strikes out looking
Batting: RHB Tony Calhoun 0-0: Ball
1-0: Ground out 4-3 (Groundball, 34)
Batting: SHB Bernie Nutall 0-0: Called Strike
0-1: Ball
1-1: Foul Ball, location: 2F
1-2: Ball
2-2: Ball
3-2: SINGLE (Line Drive, 34)
Batting: RHB Santiago Valentín 0-0: Ball
Bernie Nutall steals 2nd base
1-0: Ball
2-0: Fly out, F8 (Flyball, 89M)
Top of the 6th over - 0 runs, 1 hit, 0 errors, 1 left on base; Chesapeake 6 - Mercer Island 1
BOTTOM OF THE 6TH
Mercer Island Screaming Eagles batting - Pitching for Chesapeake Continentals : RHP Alfred Osuch
Batting: RHB Bart Goodine 0-0: Ball
1-0: Swinging Strike
1-1: Ball
2-1: Swinging Strike
2-2: Strikes out looking
Batting: RHB Barrett Drury 0-0: Ball
1-0: Ball
2-0: Ball
3-0: Base on Balls
Batting: RHB Alfredo García 0-0: Called Strike
0-1: Called Strike
0-2: Grounds into double play, 6-4-3 (Groundball, 6)
Bottom of the 6th over - 0 runs, 0 hits, 0 errors, 0 left on base; Chesapeake 6 - Mercer Island 1
TOP OF THE 7TH
Chesapeake Continentals batting - Pitching for Mercer Island Screaming Eagles : RHP Héctor Tista
Batting: LHB Raphaël Duval 0-0: Ball
1-0: Fly out, F8 (Flyball, 8LXD)
Batting: RHB Manuel Ángel 0-0: Fly out, F7 (Flyball, 7S)
Batting: RHB Nick Bechtel 0-0: Called Strike
0-1: Fly out, F7 (Flyball, 7S)
Top of the 7th over - 0 runs, 0 hits, 0 errors, 0 left on base; Chesapeake 6 - Mercer Island 1
BOTTOM OF THE 7TH
Mercer Island Screaming Eagles batting - Pitching for Chesapeake Continentals : RHP Alfred Osuch
Batting: SHB Serious Lee 0-0: Foul Ball, location: 2F
0-1: Ball
1-1: Swinging Strike
1-2: Strikes out swinging
Batting: RHB Juan Reyes 0-0: Fly out, F5 (Popup, 5F)
Batting: SHB Jason Graham 0-0: Called Strike
0-1: SINGLE (Groundball, 4D)
Batting: RHB Oliver Burrell 0-0: Foul Ball, location: 2F
0-1: Called Strike
0-2: Foul Ball, location: 2F
0-2: Ball
1-2: Ball
2-2: Fielders Choice at 2nd, U4 (Groundball, 4M)
Bottom of the 7th over - 0 runs, 1 hit, 0 errors, 1 left on base; Chesapeake 6 - Mercer Island 1
TOP OF THE 8TH
Chesapeake Continentals batting - Pitching for Mercer Island Screaming Eagles : RHP Héctor Tista
Batting: SHB Tomás Valdéz 0-0: Called Strike
0-1: Called Strike
0-2: Ball
1-2: Ball
2-2: Foul Ball, location: 2F
2-2: Foul Ball, location: 2F
2-2: Strikes out swinging
Batting: RHB Shou-chien Luo 0-0: Called Strike
0-1: Ball
1-1: DOUBLE (Flyball, 7LD)
Batting: RHB Mark Sawyer 0-0: Ball
1-0: Ball
2-0: Ball
3-0: Called Strike
3-1: DOUBLE (Line Drive, 89D)
Shou-chien Luo scores
Batting: RHB Tony Calhoun 0-0: Called Strike
0-1: Called Strike
0-2: Foul Ball, location: 2F
0-2: Ball
1-2: Ball
2-2: Ground out 4-3 (Groundball, 4)
Mark Sawyer to third
Batting: SHB Bernie Nutall 0-0: Swinging Strike
0-1: Called Strike
0-2: Foul Ball, location: 2F
0-2: Ball
1-2: Ball
2-2: Foul Ball, location: 2F
2-2: Ball
3-2: Foul Ball, location: 2F
3-2: Strikes out looking
Top of the 8th over - 1 run, 2 hits, 0 errors, 1 left on base; Chesapeake 7 - Mercer Island 1
BOTTOM OF THE 8TH
Mercer Island Screaming Eagles batting - Pitching for Chesapeake Continentals : RHP Alfred Osuch
Now in LF: Román Sánchez
Batting: SHB Jeffery Simpson 0-0: Ball
1-0: Foul Ball, location: 2F
1-1: Fly out, F6 (Popup, 6MS)
Batting: RHB Rubén Vásquez 0-0: Foul Ball, location: 2F
0-1: Called Strike
0-2: SOLO HOME RUN (Line Drive, 7LD), Distance : 373 ft
Batting: RHB Bart Goodine 0-0: Fly out, F3 (Popup, 3SF)
Batting: RHB Barrett Drury 0-0: Called Strike
0-1: SINGLE (Groundball, 56D)
Batting: RHB Alfredo García 0-0: Fly out, F4 (Popup, 4M)
Bottom of the 8th over - 1 run, 2 hits, 0 errors, 1 left on base; Chesapeake 7 - Mercer Island 2
TOP OF THE 9TH
Chesapeake Continentals batting - Pitching for Mercer Island Screaming Eagles : RHP Héctor Tista
Batting: RHB Santiago Valentín 0-0: Called Strike
0-1: Ground out 6-3 (Groundball, 6)
Batting: LHB Raphaël Duval 0-0: Ball
1-0: Foul Ball, location: 2F
1-1: Ball
2-1: Fly out, F9 (Line Drive, 9)
Batting: RHB Manuel Ángel 0-0: Ball
1-0: Ball
2-0: Called Strike
2-1: Foul Ball, location: 2F
2-2: Ball
3-2: Foul Ball, location: 2F
3-2: Foul Ball, location: 2F
3-2: Fly out, F8 (Flyball, 89M)
Top of the 9th over - 0 runs, 0 hits, 0 errors, 0 left on base; Chesapeake 7 - Mercer Island 2
BOTTOM OF THE 9TH
Mercer Island Screaming Eagles batting - Pitching for Chesapeake Continentals : RHP Alfred Osuch
Batting: SHB Serious Lee 0-0: Called Strike
0-1: Ball
1-1: Foul Ball, location: 2F
1-2: Strikes out swinging
Batting: RHB Juan Reyes 0-0: Called Strike
0-1: SINGLE (Groundball, 6MD)
Pitching: RHP Tom King
Batting: SHB Jason Graham 0-0: Ball
1-0: Called Strike
1-1: Fly out, F7 (Flyball, 7LM)
Batting: RHB Oliver Burrell 0-0: Ball
1-0: Called Strike
1-1: Ball
2-1: Swinging Strike
2-2: Fly out, F7 (Flyball, 7LS)
Bottom of the 9th over - 0 runs, 1 hit, 0 errors, 1 left on base; Chesapeake 7 - Mercer Island 2
Friday, March 29th, 2019 - OOTP Baseball 18.8 Build 76